 Dungeon Sprint DCSS version 0.29.1-2-gbd0b4ee654 (webtiles) character file.

Game seed: 18300659487632991762

2895 Zeld the Severer (level 9, -10/91 HPs)
             Began as a Minotaur Berserker on Oct 28, 2022.
             Was an Elder of Trog.
             Mangled by a hornet (16 damage)
             ... in the Dungeon (Sprint I: "Red Sonja").
             The game lasted 00:02:04 (1674 turns).

Zeld the Severer (Minotaur Berserker)               Turns: 1674, Time: 00:02:05

Health: -10/91     AC:  3    Str: 26    XL:     9   Next: 49%
Magic:  8/8        EV: 15    Int:  4    God:    Trog [****..]
Gold:   511        SH:  0    Dex: 10    Spells: 8/8 levels left

rFire   . . .      SeeInvis .   a - +0 hand axe
rCold   . . .      Faith    .   (no shield)
rNeg    . . .      Spirit   .   b - +0 animal skin
rPois   .          Reflect  .   (helmet restricted)
rElec   .          Harm     .   (no cloak)
rCorr   .          Rampage  .   (no gloves)
Will    ++...      NoTele   +   (no boots)
Stlth   +.........              (no amulet)
HPRegen 1.25/turn               (no ring)
MPRegen 0.11/turn               (no ring)

@: lethally poisoned (-10 -> -21), strong-willed, regenerating, slowed, very
slow
A: horns 2, retaliatory headbutt
a: Renounce Religion, Berserk, Trog's Hand, Brothers in Arms


You were in the Dungeon.
You worshipped Trog.
Trog was greatly pleased with you.
You visited 1 branch You collected 915 gold pieces.
You spent 404 gold pieces at shops.

Inventory:

Hand Weapons
 a - a +0 hand axe (weapon)
Armour
 b - a +0 animal skin (worn)
Wands
 i - a wand of charming (10)
 j - a wand of digging (4)
 m - a wand of polymorph (5)
Scrolls
 h - a scroll of blinking
 k - a scroll of identify {unknown}
 l - 2 scrolls of enchant armour {unknown}
 n - a scroll of fear {unknown}
Potions
 c - 4 potions of curing
 d - a potion of mutation {unknown}
 e - a potion of haste
 f - 2 potions of magic
 g - 2 potions of berserk rage
 o - a potion of flight {unknown}


   Skills:
 + Level 12.4 Fighting
 * Level 16.7 Axes
 + Level 12.1 Armour
 + Level 11.1 Dodging


You had 8 spell levels left.
You didn't know any spells.
Your spell library was empty.

Dungeon Overview and Level Annotations

Branches:
Dungeon (1/1)

Altars:
Cheibriados
Dithmenos
Elyvilon
Fedhas
Gozag
Hepliaklqana
Kikubaaqudgha
Makhleb
Nemelex Xobeh
Okawaru
Qazlal
Ru
Sif Muna
Trog
Uskayaw
Vehumet
Wu Jian
Xom
Yredelemnul
Zin
The Shining One
Jiyva
Lugonu

Shops:
D **[


Innate Abilities, Weirdness & Mutations

You have a pair of horns on your head.
You reflexively headbutt those who attack you in melee.


Message History

The hornet stings you but does no damage.
The hornet stings you.
You are more poisoned.
You feel as though you will be slow longer.
You barely miss the hornet. Your headbutt misses the hornet.
The hornet is severely wounded.
You feel very sick. The hornet closely misses you.
Unknown command.
You hit the hornet but do no damage.
The hornet is severely wounded.
You feel sick. The hornet barely misses you.
Unknown command.
You hit the hornet but do no damage. Your headbutt misses the hornet.
Your punch misses the hornet.
The hornet is severely wounded.
You feel very sick. The hornet misses you. The hornet stings you!
You feel as though you will be slow longer.
Unknown command.
You hit the hornet but do no damage. Your headbutt misses the hornet.
The hornet is heavily wounded.
You feel sick. The hornet barely misses you.
Unknown command.
You barely miss the hornet.
The hornet is heavily wounded.
You feel sick. The hornet stings you!
* * * LOW HITPOINT WARNING * * *
You are lethally poisoned!
You feel as though you will be slow longer.
Unknown command.
Your skin crawls.
You feel strong-willed.
You feel very sick. The hornet stings you.
* * * LOW HITPOINT WARNING * * *
You are lethally poisoned!
You feel as though you will be slow longer.
The hornet stings you!
You die...

####################
)..#..'..#__#..')).#
#..').#..'..'..#...#
##'#####'#__####...+
#..#...#.####[.#####
####..##.#§§§§§#$$#
___##'#_.'~§§.§§@y#
∩...'..._#~§§.§#$$#
.__##_.#'##'#####+#
___###'#.#[§§.###
######.####§###=##
....'...'.....')∩#
+####...##########
###.### #.#'#.#


You could see a hornet.

Vanquished Creatures
  2 centaur warriors (D)
  2 kobold demonologists (D)
  Sigmund (D)
  A slime creature (D)
  A yak (D)
  A floating eye (D)
  An ogre (D)
  A jelly (D)
  Ijyb (D)
  A ballistomycete spore (D)
12 creatures vanquished.

Vanquished Creatures (collateral kills)
  A deep troll (D)
1 creature vanquished.

Vanquished Creatures (others)
  Sonja (D)
  A ballistomycete spore (D)
2 creatures vanquished.

Grand Total: 15 creatures vanquished

Notes
Turn   | Place    | Note
-------+----------+-------------------------------------------
     0 | D        | Zeld the Minotaur Berserker began the quest for the Orb.
     0 | D        | Reached XP level 1. HP: 19/19 MP: 0/0
     2 | D        | Noticed Ijyb
     8 | D        | Killed Ijyb
     9 | D        | Reached skill level 5 in Axes
     9 | D        | Reached XP level 2. HP: 28/28 MP: 1/1
    52 | D        | Noticed an ogre
    54 | D        | Killed an ogre
    55 | D        | Reached skill level 7 in Axes
    55 | D        | Reached skill level 5 in Armour
    55 | D        | Reached XP level 3. HP: 37/37 MP: 2/2
    55 | D        | Reached XP level 4. HP: 44/44 MP: 3/3
   243 | D        | Noticed Sigmund
   251 | D        | Killed Sigmund
   251 | D        | Reached ** piety under Trog
   252 | D        | Reached skill level 10 in Axes
   252 | D        | Reached XP level 5. HP: 52/52 MP: 4/4
   252 | D        | Reached XP level 6. HP: 60/60 MP: 5/5
   412 | D        | Found a burning altar of Makhleb.
   412 | D        | Found a viscous altar of Jiyva.
   412 | D        | Found a shimmering altar of Xom.
   412 | D        | Found a corrupted altar of Lugonu.
   412 | D        | Noticed a slime creature
   416 | D        | Killed a slime creature
   417 | D        | Reached skill level 11 in Axes
   531 | D        | Noticed a kobold demonologist
   531 | D        | Noticed a floating eye
   531 | D        | Noticed a kobold demonologist
   536 | D        | Paralysed by a floating eye for 4 turns
   537 | D        | Noticed a soul eater
   541 | D        | Killed a floating eye
   542 | D        | Reached XP level 7. HP: 41/69 MP: 6/6
   545 | D        | Killed a kobold demonologist
   545 | D        | Reached *** piety under Trog
   546 | D        | Reached skill level 13 in Axes
   549 | D        | Killed a kobold demonologist
   550 | D        | Reached skill level 10 in Fighting
   550 | D        | Reached XP level 8. HP: 40/79 MP: 7/7
   785 | D        | Found an ornate altar of the Wu Jian Council.
   785 | D        | Found a shimmering blue altar of Sif Muna.
   787 | D        | Found a radiant altar of Vehumet.
   841 | D        | Found Xole's General Store.
   841 | D        | Found an ancient bone altar of Kikubaaqudgha.
   841 | D        | Found a hazy altar of Hepliaklqana.
   841 | D        | Found a hide-covered altar of Uskayaw.
   841 | D        | Found a basalt altar of Yredelemnul.
   841 | D        | Found an opulent altar of Gozag.
   841 | D        | Found a snail-covered altar of Cheibriados.
   841 | D        | Found a sacrificial altar of Ru.
   841 | D        | Found a shadowy altar of Dithmenos.
   843 | D        | Found a stormy altar of Qazlal.
   843 | D        | Found a blossoming altar of Fedhas.
   843 | D        | Found a bloodstained altar of Trog.
   843 | D        | Found an iron altar of Okawaru.
   843 | D        | Found a glowing golden altar of the Shining One.
   843 | D        | Found a glowing silver altar of Zin.
   843 | D        | Found a white marble altar of Elyvilon.
   847 | D        | Reached skill level 14 in Axes
   847 | D        | Reached skill level 10 in Armour
   848 | D        | Found a sparkling altar of Nemelex Xobeh.
   974 | D        | Noticed Sonja
   984 | D        | Noticed a deep troll
   990 | D        | Killed a deep troll
   990 | D        | Reached **** piety under Trog
   991 | D        | Reached skill level 15 in Axes
   991 | D        | Reached skill level 10 in Dodging
  1028 | D        | Noticed a centaur warrior
  1028 | D        | Noticed a centaur warrior
  1034 | D        | Your ally Sonja died
  1038 | D        | Killed a centaur warrior
  1039 | D        | Reached skill level 16 in Axes
  1039 | D        | Reached XP level 9. HP: 16/90 MP: 8/8
  1041 | D        | Killed a centaur warrior
  1452 | D        | Found Judighy's Armour Emporium.
  1561 | D        | Found Utis's Assorted Antiques.
  1569 | D        | Bought a fuming cyan potion for 17 gold pieces
  1569 | D        | Bought a twisted gold wand for 76 gold pieces
  1569 | D        | Bought a wand of charming (6) for 273 gold pieces
  1569 | D        | Bought a scroll labelled DEQ ELESIKO for 19 gold pieces
  1569 | D        | Bought a scroll labelled KOVUEN EMUZA for 19 gold pieces
  1674 | D        | Mangled by a hornet

Illustrated notes

Levels and vault maps discovered:
D:        dungeon_sprint_1 [red_sonja_temple_1, red_sonja_temple_small_1]

Skill      XL: |  1  2  3  4  5  6  7  8  9 |
---------------+----------------------------+-----
Fighting       | 4 6 7 8 10 11 12 | 12.4
Axes           | 5 7 10 11 13 16 | 16.7
Armour         | 3 5 7 8 9 11 12 | 12.1
Dodging        | 3 4 6 7 9 10 11 | 11.1

Action                   |  1- 3 |  4- 6 |  7- 9 || total
-------------------------+-------+-------+-------++-------
Melee: Hand axe          |     6 |    12 |    28 ||    46
       Headbutt          |     1 |     3 |     7 ||    11
       Punch             |       |       |     1 ||     1
Invok: Berserk           |     2 |     3 |     2 ||     7
       Trog's Hand       |       |       |     1 ||     1
Evoke: Wand              |       |       |     4 ||     4
  Use: Potion            |       |       |     1 ||     1
Armor: Animal skin       |     1 |       |     4 ||     5
Dodge: Dodged            |       |     7 |    28 ||    35
